 Dungeon Crawl Stone Soup version 0.32-a0-607-g64ea0e4219 (webtiles) character file.

Game seed: 8668444641985315255

2541 GordonOverkill the Skirmisher (level 9, -10/50 HPs)
             Began as a Deep Elf Delver on Feb 29, 2024.
             Mangled by a wyvern (15 damage)
             ... on level 6 of the Dungeon on Mar 4, 2024.
             The game lasted 00:19:12 (9546 turns).

GordonOverkill the Skirmisher (Deep Elf Delver)     Turns: 9546, Time: 00:19:12

Health: -10/50     AC:  8    Str:  9    XL:     9   Next: 30%
Magic:  23/23      EV: 11    Int: 18    God:
Gold:   417        SH:  0    Dex: 18    Spells: 19/24 levels left

rFire   + + .        u - +0 orcbow (heavy)
rCold   . . .        (shield currently unavailable)
rNeg    . . .        v - +0 ring mail {rF+}
rPois   .            a - +1 helmet
rElec   .            i - +0 cloak
rCorr   .            (no gloves)
SInv    .            (no boots)
Will    .....        (no amulet)
Stlth   +++          e - ring of protection from fire
HPRegen 0.28/turn    (no ring)
MPRegen 0.18/turn

%: no passive effects
@: no status effects
A: no striking features
a: no special abilities


You were on level 6 of the Dungeon.
You visited 1 branch of the dungeon, and saw 7 of its levels.

You collected 417 gold pieces.

Inventory:

Hand Weapons
 q - a +3 dagger of venom
 u - a +0 heavy orcbow (weapon)
Armour
 a - a +1 helmet (worn)
 b - a +0 buckler
 i - a +0 cloak (worn)
 k - a scarf of resistance
 v - a +0 ring mail of fire resistance (worn)
Jewellery
 e - a ring of protection from fire (left hand)
Wands
 g - a wand of digging (5)
Scrolls
 c - 2 scrolls of fog
 d - 3 scrolls of revelation
 f - a scroll of teleportation
 h - a scroll of silence
 n - a scroll of amnesia
 o - a scroll of vulnerability
 t - a scroll of poison
Potions
 j - 2 potions of ambrosia
 l - a potion of resistance
 m - a potion of magic
 p - a potion of curing
 r - 6 potions of attraction


   Skills:
 - Level 3.0 Fighting
 - Level 3.0 Short Blades
 - Level 1.3 Polearms
 + Level 8.7 Ranged Weapons
 - Level 4.0 Dodging
 - Level 6.0 Stealth
 - Level 8.0 Spellcasting
 - Level 5.1 Conjurations
 - Level 5.0 Hexes
 - Level 2.0 Translocations
 - Level 3.0 Evocations


You had 19 spell levels left.
You knew the following spells:

 Your Spells              Type           Power      Damage    Failure   Level
a - Tukima's Dance        Hex            25%        N/A       11%         3
b - Blink                 Tloc           28%        N/A       19%         2

Your spell library contained the following spells:

 Spells                   Type           Power      Damage    Failure   Level
 Magic Dart               Conj           100%       1d8       3%          1
 Kiss of Death            Conj/Necr      64%        2d10      10%         1
 Confusing Touch          Hex            25%        N/A       11%         3
 Static Discharge         Conj/Air       32%        3-5/arc   14%         2
 Lesser Beckoning         Tloc           28%        N/A       19%         2
 Gell's Gravitas          Tloc           14%        N/A       34%         3
 Teleport Other           Tloc           14%        N/A       34%         3
 Call Imp                 Summ           14%        N/A       38%         2
 Passage of Golubria      Tloc           14%        N/A       75%         4
 Airstrike                Air            3%         2d(1-17)  95%         4
 Dispel Undead            Necr           7%         3d8       95%         4
 Summon Lightning Spire   Summ/Air       7%         N/A       95%         4
 Yara's Violent Unravell  Hex/Alch       8%         3d5       95%         5


Dungeon Overview and Level Annotations

Branches:
Dungeon (7/15)
 Temple: D:4-7

Altars:
Elyvilon
Kikubaaqudgha
Nemelex Xobeh
Qazlal

Annotations:
D:6 3 runed translucent doors, Zigma's ghost, novice OpSh


Message History

The water moccasin bites you.
* * * LOW HITPOINT WARNING * * *
You are lethally poisoned!
The water moccasin poisons you!
You are too injured to fight recklessly!
You shoot an arrow. The arrow hits the water moccasin.
The water moccasin is heavily wounded.
* * * LOW HITPOINT WARNING * * *
You feel very sick. The water moccasin bites you.
* * * LOW HITPOINT WARNING * * *
The water moccasin bites you.
* * * LOW HITPOINT WARNING * * *
You are more poisoned.
The water moccasin poisons you!
You feel better. The water moccasin barely misses you.
Okay, then.
Blink to where?
Press: ? - help, Dir - move target, p - water moccasin
As you read the scroll of blinking, it crumbles to dust.
The wyvern hisses angrily.
The wyvern bites you but does no damage.
The wyvern closely misses you.
There is a stone staircase leading up here.
The wyvern bites you but does no damage.
The wyvern barely misses you.
You climb upwards.
Level annotation: 3 runed translucent doors, Zigma's ghost, novice OpSh
There is a stone staircase leading down here.
As you read the scroll labelled MASYGGOMOI, it crumbles to dust.
Your body is wracked with pain!
* * * LOW HITPOINT WARNING * * *
The wyvern convulses!
It was a scroll of torment.
The wyvern bites you.
* * * LOW HITPOINT WARNING * * *
As you read the scroll labelled RELUTH JEUH, it crumbles to dust.
It is a scroll of brand weapon.
Your +0 orcbow becomes incredibly heavy!
u - a +0 heavy orcbow (weapon)
The wyvern bites you!
You die...

....##.#..#########.#
#.#.............#...#
##[..###..#####.#.###
.............##.#.#
.##..###..##.##.#.#
.##..# #..##.##รท#.#
.##..###..##.##.#.#
.##..#.#......#.#k#
.##.............@.#
.##....#.#....#.###
<###.###.....##.#
>###.###....(##.#
.[...........##.#
...#............#
##.#####.....#### #.#
#..#### #.# #..#


You could see a wyvern.

Vanquished Creatures
  A water moccasin (D:5)
  3 black bears
  3 ice beasts
  A sky beast (D:5)
  A centaur (D:5)
  2 phantoms
  2 kobold brigands
  2 bullfrogs
  A gnoll sergeant (D:5)
  3 scorpions
  2 wights
  A howler monkey (D:4)
  2 hounds (D:6)
  A jelly (D:4)
  A bombardier beetle (D:6)
  A gnoll bouda (D:4)
  3 iguanas
  A sleepcap (D:4)
  3 orc wizards
  Robin (D:2)
  3 gnolls (D:5)
  11 adders
  A shadow imp (D:7)
  A white imp (D:5)
  A dart slug (D:1)
  A ribbon worm (D:3)
  23 orcs
  4 ball pythons
  5 bats
  4 endoplasms
  3 giant cockroaches
  11 goblins
  10 hobgoblins
  6 jackals
  3 quokkas (D:1)
  5 frilled lizards
  16 kobolds
  3 rats
146 creatures vanquished.

Vanquished Creatures (collateral kills)
  An ice beast (D:5)
  An ogre (D:7)
  A kobold brigand (D:7)
  An orc priest (D:5)
  Jessica (D:2)
  3 orcs
  A goblin (D:3)
  A jackal (D:2)
  A kobold (D:2)
11 creatures vanquished.

Vanquished Creatures (others)
  6 dancing weapons
6 creatures vanquished.

Grand Total: 163 creatures vanquished

Notes
Turn   | Place    | Note
-------+----------+-------------------------------------------
     0 | D:5      | GordonOverkill the Deep Elf Delver began the quest for the
                  | Orb.
     0 | D:5      | Reached XP level 1. HP: 13/13 MP: 3/3
     1 | D:6      | Noticed a hound
    11 | D:5      | Found a stormy altar of Qazlal.
    11 | D:5      | Noticed a sky beast
    46 | D:5      | Reached XP level 2. HP: 9/19 MP: 4/4
   100 | D:5      | Noticed a kobold brigand
   262 | D:2      | Noticed Jessica
   465 | D:1      | Reached skill level 1 in Spellcasting
   857 | D:1      | Reached XP level 3. HP: 23/23 MP: 8/8
   984 | D:1      | Learned a level 3 spell: Tukima's Dance
  1201 | D:1      | Reached skill level 1 in Hexes
  1721 | D:2      | Killed Jessica
  1722 | D:2      | Reached XP level 4. HP: 28/28 MP: 6/10
  2501 | D:3      | Noticed Robin
  2731 | D:2      | Killed Robin
  2828 | D:3      | Reached XP level 5. HP: 30/32 MP: 12/12
  3007 | D:3      | Noticed an ice beast
  3034 | D:3      | Killed an ice beast
  3035 | D:3      | Reached skill level 5 in Spellcasting
  3035 | D:3      | Reached skill level 5 in Hexes
  3208 | D:3      | Reached XP level 6. HP: 36/37 MP: 15/15
  3451 | D:4      | Reached skill level 1 in Evocations
  3877 | D:4      | Reached XP level 7. HP: 27/41 MP: 16/16
  4633 | D:4      | Found a sparkling altar of Nemelex Xobeh.
  5549 | D:5      | Reached XP level 8. HP: 46/46 MP: 17/17
  5821 | D:5      | Reached skill level 5 in Conjurations
  5824 | D:5      | Learned a level 2 spell: Blink
  6352 | D:5      | Reached skill level 1 in Translocations
  6883 | D:6      | Upgraded the game from 0.32-a0-543-gefe97123c3 to
                  | 0.32-a0-607-g64ea0e4219
  7148 | D:6      | Found a runed translucent gate.
  7153 | D:6      | Found a runed translucent gate.
  7153 | D:6      | Found a runed translucent gate.
  7176 | D:6      | Noticed a spectral unseen horror
  7243 | D:6      | Noticed Zigma's ghost (novice OpSh)
  7611 | D:6      | Reached skill level 5 in Ranged Weapons
  7996 | D:6      | Found a white marble altar of Elyvilon.
  8057 | D:6      | Found an ancient bone altar of Kikubaaqudgha.
  8568 | D:7      | Reached XP level 9. HP: 50/50 MP: 23/23
  9198 | D:7      | Identified the +7 chain mail of the Trout {-Tele rF- Regen+
                  | Dex+7}
  9447 | D:7      | Noticed a cyclops
  9536 | D:7      | HP: 1/50 [water moccasin (5)]
  9546 | D:6      | Mangled by a wyvern

Illustrated notes

Levels and vault maps discovered:
D:1:      nicolae_arrival_somewhat_less_tricky_arrival, layout_basic
D:2:      cheibrodos_pilgrimage, layout_rooms, uniq_jessica
D:3:      layout_rooms, moated_statue, chequers_serial_rivers_small_3,
          minmay_misc_feat_iff, uniq_robin
D:4:      layout_loops_cross, nemelex_diamond_rough_becter, serial_glass,
          glass_columns_c, glass_columns_c, due_unseen_surprise,
          item_on_display_b, st_stairs_11, dk_vineyard_3
D:5:      layout_cave_pods, nicolae_qazlal_beasts_of_the_sky
D:6:      layout_loops_ring, lemuel_round_altar, lemuel_tele_altar,
          gammafunk_ghost_necromancy, minivault_19
D:7:      minmay_the_grid_octo_tiled_squarecenter [minmay_the_grid_octo_shrine,
          minmay_the_grid_octo_empty, minmay_the_grid_octo_odd_swirl,
          minmay_the_grid_octo_toaster,
          minmay_the_grid_square_5x5_megaprize_checkered,
          minmay_the_grid_square_5x5_corner, minmay_the_grid_square_5x5_seven,
          minmay_the_grid_square_5x5_eight, minmay_the_grid_square_5x5_slash],
          layout_rooms, kennysheep_mini_moat, regret_index_temple_of_mockery,
          minmay_temple_entry_grid, grunt_decor_clamped

Skill      XL: |  1  2  3  4  5  6  7  8  9 |
---------------+----------------------------+-----
Fighting       | 3 |  3.0
Spellcasting   | 2 3 5 8 |  8.0
Hexes          | 3 4 5 |  5.0
Evocations     | 3 |  3.0
Short Blades   | 2 3 |  3.0
Dodging        | 4 |  4.0
Conjurations   | 4 5 |  5.1
Translocations | 2 |  2.0
Ranged Weapons | 6 8 |  8.7
Polearms       | |  1.3
Stealth        | |  6.0

Action                     |  1- 3 |  4- 6 |  7- 9 || total
---------------------------+-------+-------+-------++-------
  Melee: Spear             |   160 |    30 |       ||   190
         Dagger            |       |   182 |   183 ||   365
   Fire: Orcbow            |       |       |   197 ||   197
   Cast: Tukima's Dance    |     1 |    10 |    13 ||    24
  Evoke: Wand              |     2 |       |     1 ||     3
    Use: Potion            |     3 |     3 |     7 ||    13
         Scroll            |     1 |     7 |    12 ||    20
   Stab: Sleeping          |     8 |     3 |     2 ||    13
 Armour: Leather armour    |   105 |   129 |    92 ||   326
         Skin              |       |       |    10 ||    10
         Ring mail         |       |       |   157 ||   157
  Dodge: Dodged            |   142 |   147 |   175 ||   464

Table legend: (Time is in decaauts)
 A = Elapsed time spent in this place.
 B = Non-inter-level travel time spent in this place.
 C = Inter-level travel time spent in this place.
 D = Time resting spent in this place.
 E = Time spent auto-exploring this place.
 F = Levels seen in this place.
 G = Mean time per level.
                   A        B        C        D        E       F      G
               +--------+--------+--------+--------+--------+-----+--------+
         Total |   9565 |   9156 |    409 |   3690 |   3385 |   7 | 1366.4 |
       Dungeon |   9565 |   9156 |    409 |   3690 |   3385 |   7 | 1366.4 |
               +--------+--------+--------+--------+--------+-----+--------+

Top non-repeatable levels by time:
     D:4: 1897 daAuts
     D:6: 1883 daAuts
     D:5: 1667 daAuts
     D:1: 1413 daAuts
     D:2: 1137 daAuts
     D:7: 824 daAuts
     D:3: 742 daAuts
